 Dungeon Crawl Stone Soup version 0.30-a0-4-ga7cffc901d (webtiles) character file.

Game seed: 11023831325136063271

299 greasedhog the Trooper (level 6, -6/40 HPs)
             Began as a Gargoyle Abyssal Knight on Aug 20, 2022.
             Was a Priest of Lugonu.
             Mangled by a wight
             ... wielding a +0 scimitar
              (9 damage)
             ... on level 5 of the Dungeon.
             The game lasted 00:06:38 (4639 turns).

greasedhog the Trooper (Gargoyle Abyssal Knight)    Turns: 4639, Time: 00:06:39

Health: -6/40      AC: 18    Str: 18    XL:     6   Next: 36%
Magic:  8/8        EV:  7    Int: 11    God:    Lugonu [***...]
Gold:   267        SH:  0    Dex: 10    Spells: 5/5 levels left

rFire   . . .      SeeInvis .    s - +5 club (vorpal)
rCold   . . .      Faith    .    (no shield)
rNeg    + . .      Spirit   .    n - +0 chain mail
rPois   ∞          Reflect  .    (no helmet)
rElec   +          Harm     .    l - +0 cloak
rCorr   .          Rampage  .    (no gloves)
Will    .....                    (no boots)
Stlth   ..........               (no amulet)
HPRegen 0.13/turn                h - +4 ring of protection
MPRegen 0.11/turn                (no ring)

@: no status effects
A: sickness immunity, AC +4, negative energy resistance 1, electricity
resistance, torment resistance 1, petrification resistance
a: Renounce Religion, Depart the Abyss, Bend Space, Banish


You were on level 5 of the Dungeon.
You worshipped Lugonu.
Lugonu was most pleased with you.
You visited 1 branch of the dungeon, and saw 5 of its levels.
You visited the Abyss 1 time.

You collected 267 gold pieces.

Inventory:

Hand Weapons
 p - a +2 hammer of protection
 s - a +5 vorpal club (weapon)
Armour
 l - a +0 cloak (worn)
 n - a +0 chain mail (worn)
Jewellery
 e - an amulet of guardian spirit
 h - a +4 ring of protection (left hand)
Wands
 b - a wand of digging (4)
Scrolls
 a - a scroll of teleportation
 i - a scroll of enchant armour {unknown}
 j - 2 scrolls of fog
 o - 2 scrolls of amnesia
 r - a scroll of enchant weapon {unknown}
Potions
 c - a potion of haste
 d - a potion of heal wounds
 f - a potion of flight {unknown}
 g - a potion of ambrosia {unknown}
 k - 2 potions of brilliance
 m - a potion of curing {unknown}
 q - 2 potions of might {unknown}


   Skills:
 - Level 5.1 Fighting
 * Level 4.6 Maces & Flails
 - Level 2.1 Armour
 - Level 0.7 Dodging
 * Level 3.4 Invocations


You had 5 spell levels left.
You didn't know any spells.
Your spell library contained the following spells:

 Spells                   Type           Power      Damage    Failure   Level
 Apportation              Tloc           0%         N/A       99%         1
 Necrotise                Necr           0%         1d4       99%         1
 Summon Small Mammal      Summ           0%         N/A       99%         1
 Conjure Flame            Conj/Fire      0%         6-21      100%        3
 Ignite Poison            Fire/Tmut/Pois 0%         N/A       100%        3
 Sticky Flame             Conj/Fire      0%         2d3       100%        4


Dungeon Overview and Level Annotations

Branches:
Dungeon (5/15)
 Temple: D:4-7

Altars:
Elyvilon
Makhleb
Xom

Shops:
D:3 (


Innate Abilities, Weirdness & Mutations

You are immune to sickness and miasma.
Your stone body is resilient. (AC +4)
You are immune to poison.
You resist negative energy. (rN+)
You are resistant to electric shocks. (rElec)
You are resistant to unholy torment.
You are immune to petrification.


Message History

The wight hits you from afar with a +5 spear.
* * * LOW HITPOINT WARNING * * *
The wight attacks as you move away! The wight hits you with a +0 battleaxe.
* * * LOW HITPOINT WARNING * * *
Press: ? - help, Shift-Dir - straight line, f - wight
Aim: a wight, wielding a +0 scimitar and wearing a +0 robe (chance to affect: 81%)
You fail to use your ability.
As you read the scroll of fog, it crumbles to dust.
The scroll dissolves into smoke.
The wight barely misses you. x2
The wight attacks as you move away! The wight barely misses you.
The wight attacks as you move away! The wight hits you with a +0 scimitar.
* * * LOW HITPOINT WARNING * * *
The wight attacks as you move away! The wight hits you but does no damage.
The wight attacks as you move away! The wight closely misses you.
The wight attacks as you move away! The wight hits you but does no damage.
The wight attacks as you move away! The wight hits you but does no damage.
The wight attacks as you move away! The wight hits you with a +0 scimitar.
* * * LOW HITPOINT WARNING * * *
The wight attacks as you move away! The wight barely misses you.
You feel much better. The wight hits you with a +0 scimitar.
You barely miss the wight. The wight closely misses you.
You hit the wight but do no damage. The wight closely misses you.
You hit the wight but do no damage. The wight hits you with a +0 scimitar.
The wight hits you but does no damage.
You sock the wight!
The wight is heavily damaged.
The wight hits you with a +0 scimitar!
* * * LOW HITPOINT WARNING * * *
The wight barely misses you.
You hit the wight but do no damage.
The wight is heavily damaged.
The wight hits you but does no damage. x2
You closely miss the wight.
The wight is heavily damaged.
The wight hits you with a +0 scimitar.
* * * LOW HITPOINT WARNING * * *
The wight hits you from afar with a +5 spear.
* * * LOW HITPOINT WARNING * * *
The wight attacks as you move away! The wight hits you with a +0 scimitar!
You die...

...z..#§§# #
......##§#####..#
......##§§§....>#
......####§######
...##.# #§# ...
#.# #§# ..# #.#
#.# .# #.# #z#
######### #.#
#.z@....# #.#
#z#####.# #.###.#
#.# #.z..z# #.#
#.##### #.# #.#
#.# #.# #.# ..#
######.# ###
#......#


You could see 2 wights.

Vanquished Creatures
  Crazy Yiuf (D:2)
  A jelly (D:4)
  Jessica (D:3)
  An iguana (D:4)
  4 gnolls (D:2)
  7 adders
  A worm (D:3)
  6 orcs
  9 ball pythons
  7 endoplasms
  2 giant cockroaches
  7 goblins
  8 hobgoblins
  6 jackals (D:1)
  6 quokkas
  4 bats
  2 frilled lizards
  8 kobolds
  4 rats
85 creatures vanquished.

Notes
Turn   | Place    | Note
-------+----------+-------------------------------------------
     0 | Abyss:1  | greasedhog the Gargoyle Abyssal Knight began the quest for
                  | the Orb.
     0 | Abyss:1  | Reached XP level 1. HP: 14/14 MP: 2/2
     1 | D:1      | Escaped the Abyss
   233 | D:1      | Reached XP level 2. HP: 19/19 MP: 3/3
  1268 | D:1      | Reached XP level 3. HP: 20/24 MP: 4/4
  1492 | D:1      | Found a faded altar of an unknown god.
  1789 | D:2      | Reached *** piety under Lugonu
  1790 | D:2      | Reached skill level 4 in Fighting
  2129 | D:2      | Reached XP level 4. HP: 29/30 MP: 5/5
  2479 | D:2      | Reached XP level 5. HP: 15/34 MP: 6/6
  2822 | D:2      | Found a runed translucent door.
  2823 | D:2      | Noticed Crazy Yiuf
  2962 | D:2      | Killed Crazy Yiuf
  2963 | D:2      | Reached skill level 5 in Fighting
  3050 | D:3      | Found Voqome's Weapon Shoppe.
  3697 | D:3      | Found a white marble altar of Elyvilon.
  3705 | D:3      | Found a shimmering altar of Xom.
  3706 | D:3      | Found a burning altar of Makhleb.
  3725 | D:3      | Noticed Jessica
  3732 | D:3      | Killed Jessica
  3733 | D:3      | Reached XP level 6. HP: 35/40 MP: 8/8
  4547 | D:5      | Entered Level 5 of the Dungeon
  4639 | D:5      | Mangled by a wight

Illustrated notes

Levels and vault maps discovered:
D:1:      eino_arrival_water_star, layout_basic,
          hellmonk_ecumenical_altar_leap_of_faith, hangedman_feature_mirror,
          minivault_5, st_stairs_1
D:2:      layout_loops_cross, grunt_decor_fettered, uniq_crazy_yiuf_cottage
D:3:      layout_loops_ring, minitemple, serial_shops, shop, uniq_jessica
D:4:      layout_basic, serial_bayou_pond_c
D:5:      layout_basic, minmay_temple_entry_statues, hangedman_decor_slide_cut,
          lightli_church_of_beogh, uniq_prince_ribbit1, uniq_pikel,
          uniq_eustachio

Skill      XL: |  1  2  3  4  5 |
---------------+----------------+-----
Fighting       | 4 5 |  5.1
Maces & Flails | 3 4 |  4.6
Invocations    | 3 |  3.4
Armour         | |  2.1
Dodging        | |  0.7

Action                   |  1- 3 |  4- 6 || total
-------------------------+-------+-------++-------
Melee: Mace              |   139 |    49 ||   188
       Punch             |     1 |     1 ||     2
       Flail             |       |    39 ||    39
       Club              |       |    36 ||    36
  Use: Scroll            |     5 |     5 ||    10
       Potion            |       |     2 ||     2
Armor: Leather armour    |    79 |       ||    79
       Ring mail         |     6 |    62 ||    68
       Chain mail        |       |    10 ||    10
Dodge: Dodged            |   101 |    83 ||   184

Table legend: (Time is in decaauts)
 A = Elapsed time spent in this place.
 B = Non-inter-level travel time spent in this place.
 C = Inter-level travel time spent in this place.
 D = Time resting spent in this place.
 E = Time spent auto-exploring this place.
 F = Levels seen in this place.
 G = Mean time per level.
                   A        B        C        D        E       F      G
               +--------+--------+--------+--------+--------+-----+--------+
         Total |   4707 |   4364 |    343 |    615 |   2989 |   6 |  784.5 |
       Dungeon |   4706 |   4363 |    343 |    615 |   2989 |   5 |  941.2 |
         Abyss |      1 |      1 |      0 |      0 |      0 |   1 |    1.0 |
               +--------+--------+--------+--------+--------+-----+--------+

Top non-repeatable levels by time:
     D:1: 1747 daAuts
     D:2: 1330 daAuts
     D:3: 905 daAuts
     D:4: 629 daAuts
     D:5: 92 daAuts
 Abyss:1: 1 daAuts
